XFBL
TORONTO BLUE JAYS @ MILWAUKEE BREWERS
04/22/1982
 
TOP OF THE 1ST
Toronto Blue Jays batting - Pitching for Milwaukee Brewers : RHP Fergie Jenkins
Pitching: RHP Fergie Jenkins
Batting: SHB Harold Reynolds 0-0: Foul Ball, location: 2F
0-1: Ball
1-1: Foul Ball, location: 2F
1-2: Ball
2-2: Ball
3-2: Foul Ball, location: 2F
3-2: Foul Ball, location: 2F
3-2: Fly out, F8 (Flyball, 8RM, EV 73.8 MPH)
Batting: RHB Jose Gonzalez 0-0: Called Strike
0-1: Ball
1-1: Foul Ball, location: 2F
1-2: Ball
2-2: SINGLE (Groundball, 5S, EV 59.4 MPH) (infield hit)
Batting: LHB Sheldon Mallory 0-0: Swinging Strike
0-1: Ball
1-1: Ball
Jose Gonzalez steals 2nd base
2-1: Called Strike
2-2: Ball
3-2: Strikes out swinging
Batting: RHB Hubie Brooks 0-0: Called Strike
0-1: Fly out, F7 (Flyball, 78S, EV 86.3 MPH)
Top of the 1st over - 0 runs, 1 hit, 0 errors, 1 left on base; Toronto 0 - Milwaukee 0
BOTTOM OF THE 1ST
Milwaukee Brewers batting - Pitching for Toronto Blue Jays : LHP Thomas Linnert
Pitching: LHP Thomas Linnert
Batting: RHB Steve Sax 0-0: Ball
1-0: Swinging Strike
1-1: Ball
2-1: Ground out 6-3 (Groundball, 6, EV 98.8 MPH)
Batting: RHB Thurman Munson 0-0: Ground out 2-3 (Groundball, 2R, EV 66.3 MPH)
Batting: RHB Eric Davis 0-0: Ball
1-0: Ball
2-0: Ball
3-0: Called Strike
3-1: Called Strike
3-2: SOLO HOME RUN (Flyball, 9D, EV 96.3 MPH), Distance : 383 ft
Batting: RHB Mike Schmidt 0-0: Called Strike
0-1: Ball
1-1: Ball
2-1: Ball
3-1: Called Strike
3-2: Foul Ball, location: 2F
3-2: Fly out, F9 (Flyball, 89M, EV 79.4 MPH)
Bottom of the 1st over - 1 run, 1 hit, 0 errors, 0 left on base; Toronto 0 - Milwaukee 1
TOP OF THE 2ND
Toronto Blue Jays batting - Pitching for Milwaukee Brewers : RHP Fergie Jenkins
Batting: LHB Milt Thompson 0-0: Ball
1-0: DOUBLE (Line Drive, 89D, EV 105.6 MPH)
Batting: RHB Cal Ripken 0-0: Called Strike
0-1: Ball
1-1: Ball
2-1: Foul Ball, location: 2F
2-2: Foul Ball, location: 2F
2-2: Foul Ball, location: 2F
2-2: Ball
3-2: Fly out, F9 (Flyball, 89D, EV 92.5 MPH)
Runner from 2nd tags up, SAFE at 3rd, no throw by RF
Batting: RHB Fritzie Connally 0-0: Called Strike
0-1: Swinging Strike
0-2: Ball
1-2: Ball
2-2: Foul Ball, location: 2F
2-2: Strikes out swinging
Batting: RHB Juan Monasterio 0-0: Called Strike
0-1: Swinging Strike
0-2: Ball
1-2: Ball
2-2: Fly out, F8 (Flyball, 78D, EV 86.3 MPH)
Top of the 2nd over - 0 runs, 1 hit, 0 errors, 1 left on base; Toronto 0 - Milwaukee 1
BOTTOM OF THE 2ND
Milwaukee Brewers batting - Pitching for Toronto Blue Jays : LHP Thomas Linnert
Batting: SHB Eddie Murray 0-0: Ball
1-0: Ball
2-0: Ball
3-0: Called Strike
3-1: Called Strike
3-2: SINGLE (Groundball, 6MD, EV 102.5 MPH)
Batting: LHB Von Hayes 0-0: Ball
1-0: Foul Ball, location: 2F
1-1: Ball
2-1: Foul Ball, location: 2F
2-2: Foul Ball, location: 2F
2-2: Strikes out swinging
Batting: RHB Pat Tabler 0-0: Ball
1-0: SINGLE (Line Drive, 8LS, EV 90.6 MPH)
Eddie Murray to second
Runner from 2nd tries for 3rd, SAFE, throw by CF made to third
Batting: RHB Ken Landreaux 0-0: Foul Ball, location: 2F
0-1: Foul Ball, location: 2F
0-2: Strikes out swinging
Batting: SHB Alfredo Griffin 0-0: Fly out, F6 (Line Drive, 6, EV 66.9 MPH)
Bottom of the 2nd over - 0 runs, 2 hits, 0 errors, 2 left on base; Toronto 0 - Milwaukee 1
TOP OF THE 3RD
Toronto Blue Jays batting - Pitching for Milwaukee Brewers : RHP Fergie Jenkins
Batting: LHB Brad Gulden 0-0: Ball
1-0: Foul Ball, location: 2F
1-1: Ground out 4-3 (Groundball, 4S, EV 74.4 MPH)
Batting: SHB Harold Reynolds 0-0: Swinging Strike
0-1: Swinging Strike
0-2: Ground out U3 (Groundball, 3, EV 100.6 MPH)
Batting: RHB Jose Gonzalez 0-0: Ground out U3 (Groundball, 34, EV 84.4 MPH)
Top of the 3rd over - 0 runs, 0 hits, 0 errors, 0 left on base; Toronto 0 - Milwaukee 1
BOTTOM OF THE 3RD
Milwaukee Brewers batting - Pitching for Toronto Blue Jays : LHP Thomas Linnert
Batting: RHB Steve Sax 0-0: Foul Ball, location: 2F
0-1: Fly out, F8 (Flyball, 8RD, EV 86.9 MPH)
Batting: RHB Thurman Munson 0-0: Called Strike
0-1: Fly out, F7 (Flyball, 7, EV 71.9 MPH)
Batting: RHB Eric Davis 0-0: Ball
1-0: Ground out 6-3 (Groundball, 6, EV 101.3 MPH)
Bottom of the 3rd over - 0 runs, 0 hits, 0 errors, 0 left on base; Toronto 0 - Milwaukee 1
TOP OF THE 4TH
Toronto Blue Jays batting - Pitching for Milwaukee Brewers : RHP Fergie Jenkins
Batting: LHB Sheldon Mallory 0-0: Swinging Strike
0-1: Ball
1-1: SINGLE (Groundball, 6MD, EV 96.3 MPH)
Batting: RHB Hubie Brooks 0-0: Ball
1-0: DOUBLE (Line Drive, 7D, EV 94.4 MPH)
Sheldon Mallory to third
Sheldon Mallory scores
Batting: LHB Milt Thompson 0-0: Ball
1-0: Ball
2-0: Foul Ball, location: 2F
2-1: Ground out 6-3 (Groundball, 6, EV 81.9 MPH)
Hubie Brooks to third
Batting: RHB Cal Ripken 0-0: Called Strike
0-1: Ball
1-1: Swinging Strike
1-2: Ball
2-2: Ball
3-2: Fly out, F9 (Flyball, 89M, EV 88.8 MPH)
Runner from 3rd tags up, SCORES, throw by RF
Batting: RHB Fritzie Connally 0-0: Ball
1-0: Reached on error, E4 (Groundball, 34, EV 106.3 MPH)
Batting: RHB Juan Monasterio 0-0: Called Strike
0-1: Swinging Strike
0-2: Foul Ball, location: 2F
0-2: Ball
1-2: Strikes out swinging
Top of the 4th over - 2 runs, 2 hits, 1 error, 1 left on base; Toronto 2 - Milwaukee 1
BOTTOM OF THE 4TH
Milwaukee Brewers batting - Pitching for Toronto Blue Jays : LHP Thomas Linnert
Batting: RHB Mike Schmidt 0-0: Ball
1-0: Ball
2-0: Ball
3-0: Called Strike
3-1: Called Strike
3-2: Foul Ball, location: 2F
3-2: SOLO HOME RUN (Flyball, 7D, EV 96.9 MPH), Distance : 382 ft
Batting: SHB Eddie Murray 0-0: Ball
1-0: Swinging Strike
1-1: Foul Ball, location: 2F
1-2: Strikes out swinging
Batting: LHB Von Hayes 0-0: Called Strike
0-1: Ground out 6-3 (Groundball, 6, EV 110.0 MPH)
Batting: RHB Pat Tabler 0-0: Foul Ball, location: 2F
0-1: Fly out, F8 (Flyball, 8RD, EV 85.6 MPH)
Bottom of the 4th over - 1 run, 1 hit, 0 errors, 0 left on base; Toronto 2 - Milwaukee 2
TOP OF THE 5TH
Toronto Blue Jays batting - Pitching for Milwaukee Brewers : RHP Fergie Jenkins
Batting: LHB Brad Gulden 0-0: Called Strike
0-1: Ball
1-1: Ball
2-1: Ball
3-1: Base on Balls
Batting: SHB Harold Reynolds 0-0: Ball
1-0: Sac Bunt to 3S - play at first, batter OUT! 3-4
Brad Gulden to second
Batting: RHB Jose Gonzalez 0-0: Called Strike
0-1: Ball
1-1: Ground out 5-3 (Groundball, 5S, EV 70.0 MPH)
Brad Gulden to third
Batting: LHB Sheldon Mallory 0-0: Called Strike
0-1: Ball
1-1: Ball
2-1: Ball
3-1: Called Strike
3-2: Foul Ball, location: 2F
3-2: Foul Ball, location: 2F
3-2: Ground out U3 (Groundball, 3, EV 83.1 MPH)
Top of the 5th over - 0 runs, 0 hits, 0 errors, 1 left on base; Toronto 2 - Milwaukee 2
BOTTOM OF THE 5TH
Milwaukee Brewers batting - Pitching for Toronto Blue Jays : LHP Thomas Linnert
Batting: RHB Ken Landreaux 0-0: Ball
1-0: Called Strike
1-1: Ground out 2-3 (Groundball, 2R, EV 70.6 MPH)
Batting: SHB Alfredo Griffin 0-0: Ball
1-0: Swinging Strike
1-1: Foul Ball, location: 2F
1-2: Strikes out swinging
Batting: RHB Steve Sax 0-0: Called Strike
0-1: Fly out, F4 (Popup, 34S, EV 69.4 MPH)
Bottom of the 5th over - 0 runs, 0 hits, 0 errors, 0 left on base; Toronto 2 - Milwaukee 2
TOP OF THE 6TH
Toronto Blue Jays batting - Pitching for Milwaukee Brewers : RHP Fergie Jenkins
Batting: RHB Hubie Brooks 0-0: Ball
1-0: Ball
2-0: Called Strike
2-1: DOUBLE (Line Drive, 5D, EV 98.8 MPH)
Batting: LHB Milt Thompson 0-0: Foul Ball, location: 2F
0-1: Foul Ball, location: 2F
0-2: Ground out 4-3 (Groundball, 4, EV 81.9 MPH)
Hubie Brooks to third
Batting: RHB Cal Ripken 0-0: Fly out, F7 (Flyball, 7S, EV 88.1 MPH)
Batting: RHB Fritzie Connally 0-0: Swinging Strike
0-1: Foul Ball, location: 2F
0-2: Strikes out swinging, 2-3 out at first.
Top of the 6th over - 0 runs, 1 hit, 0 errors, 1 left on base; Toronto 2 - Milwaukee 2
BOTTOM OF THE 6TH
Milwaukee Brewers batting - Pitching for Toronto Blue Jays : LHP Thomas Linnert
Batting: RHB Thurman Munson 0-0: Called Strike
0-1: Fly out, F9 (Line Drive, 9, EV 98.1 MPH)
Batting: RHB Eric Davis 0-0: Called Strike
0-1: Ball
1-1: Foul Ball, location: 2F
1-2: Strikes out swinging
Batting: RHB Mike Schmidt 0-0: Ball
1-0: Foul Ball, location: 2F
1-1: Ball
2-1: Ball
3-1: Called Strike
3-2: Base on Balls
Batting: SHB Eddie Murray 0-0: Ball
1-0: Foul Ball, location: 2F
1-1: Foul Ball, location: 2F
1-2: Ball
2-2: Foul Ball, location: 2F
2-2: Foul Ball, location: 2F
2-2: Strikes out looking
Bottom of the 6th over - 0 runs, 0 hits, 0 errors, 1 left on base; Toronto 2 - Milwaukee 2
TOP OF THE 7TH
Toronto Blue Jays batting - Pitching for Milwaukee Brewers : RHP Fergie Jenkins
Batting: RHB Juan Monasterio 0-0: Swinging Strike
0-1: Ball
1-1: SINGLE (Line Drive, 56D, EV 109.4 MPH)
Batting: LHB Brad Gulden 0-0: Called Strike
0-1: Foul Ball, location: 2F
0-2: SINGLE (Groundball, 6MD, EV 98.1 MPH)
Juan Monasterio to second
Runner from 2nd tries for 3rd, SAFE, throw by CF made to third
Batting: SHB Harold Reynolds 0-0: Ball
1-0: Ground out 6-3 (Groundball, 6, EV 81.9 MPH)
Brad Gulden to second
Batting: RHB Jose Gonzalez 0-0: Ground out 5-3 (Groundball, 5, EV 87.5 MPH)
Batting: LHB Sheldon Mallory 0-0: Foul Ball, location: 2F
0-1: Ground out 4-3 (Groundball, 4S, EV 81.3 MPH)
Top of the 7th over - 0 runs, 2 hits, 0 errors, 2 left on base; Toronto 2 - Milwaukee 2
BOTTOM OF THE 7TH
Milwaukee Brewers batting - Pitching for Toronto Blue Jays : LHP Thomas Linnert
Batting: LHB Von Hayes 0-0: Ball
1-0: Swinging Strike
1-1: Foul Ball, location: 2F
1-2: Ball
2-2: Ground out 3-1 (Groundball, 34S, EV 88.1 MPH)
Batting: RHB Pat Tabler 0-0: Called Strike
0-1: Foul Ball, location: 2F
0-2: Ball
1-2: Foul Ball, location: 2F
1-2: Ball
2-2: Ground out U3 (Groundball, 34, EV 106.3 MPH)
Batting: RHB Ken Landreaux 0-0: Ball
1-0: Called Strike
1-1: Fly out, F8 (Line Drive, 8LD, EV 93.1 MPH)
Bottom of the 7th over - 0 runs, 0 hits, 0 errors, 0 left on base; Toronto 2 - Milwaukee 2
TOP OF THE 8TH
Toronto Blue Jays batting - Pitching for Milwaukee Brewers : RHP Fergie Jenkins
Batting: RHB Hubie Brooks 0-0: Called Strike
0-1: Ball
1-1: Called Strike
1-2: Ball
2-2: Foul Ball, location: 2F
2-2: Foul Ball, location: 2F
2-2: Foul Ball, location: 2F
2-2: Fly out, F7 (Line Drive, 7, EV 98.8 MPH)
Pitching: RHP Carlos Martinez
Batting: LHB Milt Thompson 0-0: Called Strike
0-1: Ball
1-1: Ball
2-1: Swinging Strike
2-2: Strikes out swinging
Batting: RHB Cal Ripken 0-0: Ground out 3-1 (Groundball, 34, EV 91.3 MPH)
Top of the 8th over - 0 runs, 0 hits, 0 errors, 0 left on base; Toronto 2 - Milwaukee 2
BOTTOM OF THE 8TH
Milwaukee Brewers batting - Pitching for Toronto Blue Jays : LHP Thomas Linnert
Batting: SHB Alfredo Griffin 0-0: Ball
1-0: Swinging Strike
1-1: Ground out 5-3 (Groundball, 5, EV 92.5 MPH)
Batting: RHB Steve Sax 0-0: Called Strike
0-1: Ball
1-1: Fly out, F9 (Flyball, 89XD, EV 106.9 MPH)
Batting: RHB Thurman Munson 0-0: Ball
1-0: Ball
2-0: Ball
3-0: Foul Ball, location: 2F
3-1: Called Strike
3-2: Base on Balls
Batting: RHB Eric Davis 0-0: Ball
1-0: Called Strike
1-1: Swinging Strike
1-2: Strikes out swinging
Bottom of the 8th over - 0 runs, 0 hits, 0 errors, 1 left on base; Toronto 2 - Milwaukee 2
TOP OF THE 9TH
Toronto Blue Jays batting - Pitching for Milwaukee Brewers : RHP Carlos Martinez
Batting: RHB Fritzie Connally 0-0: Fly out, F4 (Popup, 23, EV 82.5 MPH)
Batting: RHB Juan Monasterio 0-0: Foul Ball, location: 2F
0-1: Ball
1-1: Swinging Strike
1-2: Ball
2-2: Strikes out swinging
Batting: LHB Brad Gulden 0-0: Called Strike
0-1: Swinging Strike
0-2: Ball
1-2: Ball
2-2: Strikes out swinging
Top of the 9th over - 0 runs, 0 hits, 0 errors, 0 left on base; Toronto 2 - Milwaukee 2
BOTTOM OF THE 9TH
Milwaukee Brewers batting - Pitching for Toronto Blue Jays : LHP Thomas Linnert
Batting: RHB Mike Schmidt 0-0: Ball
1-0: Called Strike
1-1: Foul Ball, location: 2F
1-2: Strikes out swinging
Batting: SHB Eddie Murray 0-0: Ball
1-0: Ball
2-0: Called Strike
2-1: Fly out, F8 (Flyball, 8LM, EV 87.5 MPH)
Batting: LHB Von Hayes 0-0: Ball
1-0: Fly out, F8 (Flyball, 8RD, EV 86.9 MPH)
Bottom of the 9th over - 0 runs, 0 hits, 0 errors, 0 left on base; Toronto 2 - Milwaukee 2
TOP OF THE 10TH
Toronto Blue Jays batting - Pitching for Milwaukee Brewers : RHP Carlos Martinez
Batting: SHB Harold Reynolds 0-0: Ball
1-0: SINGLE (Line Drive, 34, EV 99.4 MPH)
Batting: RHB Jose Gonzalez 0-0: Bunted foul
0-1: Ball
1-1: Ball
2-1: Bunted foul
2-2: Strikes out swinging
Batting: LHB Sheldon Mallory 0-0: Ball
Harold Reynolds steals 2nd base
1-0: Intentional Walk
Batting: RHB Hubie Brooks 0-0: Called Strike
Harold Reynolds steals 3rd base
0-1: SINGLE (Groundball, 56, EV 106.9 MPH)
Harold Reynolds scores
Sheldon Mallory to second
Runner from 2nd tries for 3rd, OUT! 7-5
Batting: LHB Milt Thompson 0-0: Ball
1-0: Called Strike
1-1: SINGLE (Line Drive, 8LS, EV 100.0 MPH)
Hubie Brooks to second
Runner from 2nd tries for 3rd, SAFE, no throw by CF
Batting: RHB Cal Ripken 0-0: Swinging Strike
0-1: Foul Ball, location: 2F
0-2: Ball
1-2: Ball
2-2: Strikes out swinging
Top of the 10th over - 1 run, 3 hits, 0 errors, 2 left on base; Toronto 3 - Milwaukee 2
BOTTOM OF THE 10TH
Milwaukee Brewers batting - Pitching for Toronto Blue Jays : LHP Thomas Linnert
Now at 2B: Jose Carrillo
Batting: RHB Pat Tabler 0-0: Called Strike
0-1: Fly out, F8 (Flyball, 8LD, EV 92.5 MPH)
Batting: RHB Ken Landreaux 0-0: Fly out, F9 (Flyball, 9LM, EV 90.6 MPH)
Batting: SHB Alfredo Griffin 0-0: Ball
1-0: Ball
2-0: Ball
3-0: Called Strike
3-1: Ground out 6-3 (Groundball, 6, EV 104.4 MPH)
Bottom of the 10th over - 0 runs, 0 hits, 0 errors, 0 left on base; Toronto 3 - Milwaukee 2
Wednesday, July 22nd, 2020 - OOTP Baseball 21.4 Build 63